 Dungeon Crawl Stone Soup version 0.28-a0-461-g2dc4ca5097 (webtiles) character file.

Game seed: 12047397475518207298

37 robertstho the Magician (level 3, -5/27 HPs)
             Began as a Djinni Fire Elementalist on Sept 13, 2021.
             Slain by a gnoll (6 damage)
             ... on level 1 of the Dungeon.
             The game lasted 00:01:44 (2064 turns).

robertstho the Magician (Djinni Fire Elementalist)  Turns: 2064, Time: 00:01:44

Health: -5/27      AC:  2    Str:  7    XL:     3   Next: 60%
Gold:   23         EV: 12    Int: 17    God:
                   SH:  0    Dex: 13

rFire   + + .      SeeInvis .   c - +0 dagger
rCold   x . .      Faith    .   (no shield)
rNeg    . . .      Spirit   .   a - +0 robe
rPois   ∞          Reflect  .   (no helmet)
rElec   .          Harm     .   (no cloak)
rCorr   .          Rampage  .   (no gloves)
Will    +....                   (boots unavailable)
Stlth   ++........              (no amulet)
HPRegen 0.09/turn               f - ring of willpower
MPRegen 0.00/turn               (no ring)

@: flying
A: sickness immunity, fire resistance 2, cold vulnerability 1, float, innate
caster, hp casting, extra vitality 1
a: no special abilities


You were on level 1 of the Dungeon.
You visited 1 branch of the dungeon, and saw 2 of its levels.

You collected 23 gold pieces.

Inventory:

Hand Weapons
 c - a +0 dagger (weapon)
Armour
 a - a +0 robe (worn)
Jewellery
 f - a ring of willpower (left hand)
Scrolls
 d - a scroll of fog


   Skills:
 * Level 1.1 Fighting
 + Level 2.2 Dodging
 + Level 1.6 Stealth
 * Level 3.2 Spellcasting


You couldn't memorise any spells.
You knew the following spells:

 Your Spells              Type           Power      Damage    Failure   Level
a - Foxfire               Conj/Fire      52%        2x1d6     4%          1
b - Scorch                Fire           26%        2d6       7%          2
c - Conjure Flame         Conj/Fire      13%        6-21      14%         3
d - Inner Flame           Hex/Fire       13%        N/A       14%         3
e - Flame Wave            Conj/Fire      13%        3d5       41%         4
f - Magic Dart            Conj           52%        1d5       4%          1
Your spell library was empty.

Dungeon Overview and Level Annotations

Branches:
Dungeon (2/15)

Altars:


Innate Abilities, Weirdness & Mutations

You are immune to sickness and miasma.
You are immune to poison.
Your flesh is very heat resistant. (rF++)
You are vulnerable to cold. (rC-)
You float through the air rather than walking.
You learn spells naturally, not from books.
Your magical power is your life essence.
You have superior vitality. (+4 HP)


Message History

The foxfire hits the gnoll.
The gnoll is moderately wounded.
Casting: Foxfire (safe; 4% risk of failure)
Press: ? - help, Q - select action, (/) - cycle Dir - look around, f - activate You conjure some foxfire!
The gnoll hits you with a +0 club. x2
Unknown command.
The foxfire hits the gnoll.
The gnoll is moderately wounded.
The foxfire hits the gnoll but does no damage.
The gnoll is moderately wounded.
A goblin comes into view. It is wielding a +0 club.
The goblin hits you but does no damage.
There is a stone staircase leading up here.
You fly upwards.
There is a stone staircase leading down here.
Casting: Foxfire (safe; 4% risk of failure)
Press: ? - help, Q - select action, (/) - cycle Dir - look around, f - activate You conjure some foxfire!
The gnoll hits you with a +0 club!
The foxfire hits the gnoll.
The gnoll is moderately wounded.
The foxfire hits the gnoll.
The gnoll is heavily wounded.
The gnoll hits you with a +0 club.
* * * LOW HITPOINT WARNING * * *
Casting: Foxfire (safe; 4% risk of failure)
Press: ? - help, Q - select action, (/) - cycle Dir - look around, f - activate You conjure some foxfire!
* * * LOW HITPOINT WARNING * * *
The gnoll hits you with a +0 club.
* * * LOW HITPOINT WARNING * * *
Your foxfire dissipates!
The foxfire hits the gnoll but does no damage.
The gnoll is heavily wounded.
You aren't carrying any potions.
The gnoll barely misses you.
As you read the scroll of summoning, it crumbles to dust.
Wisps of shadow whirl around you... The gnoll hits you with a +0 club.
You die...

....# #.........####.......#
####### ####'#######.)......[#
......## #.# #.............####
.......# #.# #.##....##'##.#...
.......# #.###.##....##.##.####
.......# #....>.........##.#...
.....###########S####.######.#.##
######_....## #g#....#..........
#......# #@#....#.#....#.##
#.....8# #Sb...........#.#.
#......#########.#>#......#.
#.....8..........#...######.
#......###############..#...
######.....8# ###....#...
.....#8.8.8.# ###......#.##
......###...# ###........#..#
......###..########......≈≈..#..#


You could see a gnoll (ally target), a friendly bat (summoned) and 2 friendly
ball pythons.

Vanquished Creatures
  An adder skeleton (D:2)
  2 dart slugs (D:1)
  2 ball pythons (D:1)
  4 bats (D:1)
  2 endoplasms (D:1)
  A giant cockroach (D:1)
  5 goblins (D:1)
  7 kobolds (D:1)
  A quokka (D:1)
  2 frilled lizards (D:1)
  2 rats (D:1)
29 creatures vanquished.

Vanquished Creatures (others)
  113 foxfires
113 creatures vanquished.

Grand Total: 142 creatures vanquished

Notes
Turn   | Place    | Note
-------+----------+-------------------------------------------
     0 | D:1      | robertstho the Djinni Fire Elementalist began the quest for
                  | the Orb.
     0 | D:1      | Reached XP level 1. HP: 15/15 MP: 0/0
   333 | D:1      | Reached XP level 2. HP: 2/21 MP: 0/0
   813 | D:1      | Reached skill level 1 in Fighting
   947 | D:1      | Found a faded altar of an unknown god.
  1013 | D:1      | Reached skill level 3 in Spellcasting
  1013 | D:1      | Reached XP level 3. HP: 17/27 MP: 0/0
  1013 | D:1      | Learned a level 1 spell: Magic Dart
  2060 | D:1      | HP: 1/27 [gnoll (4)]
  2064 | D:1      | Slain by a gnoll

Illustrated notes

Levels and vault maps discovered:
D:1:      lemuel_arrival_funnel, layout_basic, shapermc_ecumenical_altar_pompeii
D:2:      layout_basic, basic_altar

Skill      XL: |  1  2 |
---------------+-------+-----
Fighting       | 1 |  1.1
Spellcasting   | 3 |  3.2
Dodging        | |  2.2
Stealth        | |  1.6

Action                   || total
-------------------------++-------
Melee: Unarmed           ||     4
 Cast: Foxfire           ||    74
  Use: Scroll            ||     3
Armor: Robe              ||     5
Dodge: Dodged            ||    28

Table legend: (Time is in decaauts)
 A = Elapsed time spent in this place.
 B = Non-inter-level travel time spent in this place.
 C = Inter-level travel time spent in this place.
 D = Time resting spent in this place.
 E = Time spent auto-exploring this place.
 F = Levels seen in this place.
 G = Mean time per level.
                   A        B        C        D        E       F      G
               +--------+--------+--------+--------+--------+-----+--------+
         Total |   2063 |   2015 |     48 |      0 |   1787 |   2 | 1031.5 |
       Dungeon |   2063 |   2015 |     48 |      0 |   1787 |   2 | 1031.5 |
               +--------+--------+--------+--------+--------+-----+--------+

Top non-repeatable levels by time:
     D:1: 1990 daAuts
     D:2: 72 daAuts
